 Dungeon Crawl Stone Soup version 0.20-a0-809-gaf7f668 (webtiles) character file.

9515 krabocopter the Fighter (level 11, -5/111 HPs)
             Began as a Demonspawn Gladiator on Mar 2, 2017.
             Was a Priest of Uskayaw.
             Slain by a spiny frog (16 damage)
             ... on level 1 of the Lair of Beasts on Mar 3, 2017.
             The game lasted 00:46:05 (13660 turns).

krabocopter the Fighter (Demonspawn Gladiator)     Turns: 13660, Time: 00:46:06

Health: -5/111     AC: 15    Str: 23    XL:     11   Next: 24%
Magic:  0/11       EV: 18    Int: 11    God:    Uskayaw [***...]
Gold:   627        SH:  0    Dex: 16    Spells: 10/10 levels left

rFire    + . .     SeeInvis .   F - +2 trident (protect)
rCold    . . .     Gourm    .   H - +0 robe "Furiv" {*Drain Str+3 Stlth+} (curse)
rNeg     . . .     Faith    .   (no shield)
rPois    +         Spirit   +   o - +0 helmet
rElec    .         Reflect  .   y - +0 cloak
rCorr    .         Harm     .   C - +0 pair of gloves {archery}
MR       .....                  m - +0 pair of boots
Stlth    ++++......             (no amulet)
Regen    0.3/turn               u - ring of poison resistance
MPRegen  0.3/turn               (no ring)

@: mighty, protection aura
A: hooves 2, icy blue scales 1, fire resistance 1, sense surroundings 1, robust
2, evolution 1, magic shield, magic regeneration
a: Stomp, Line Pass, Renounce Religion


You were on level 1 of the Lair of Beasts.
You worshipped Uskayaw.
Uskayaw was noncommittal.
You were very hungry.

You visited 3 branches of the dungeon, and saw 12 of its levels.

You collected 627 gold pieces.

Inventory:

Hand Weapons
 t - a +2 dagger of speed
 x - a +3 spear
 F - a +2 trident of protection (weapon)
Missiles
 d - 5 throwing nets (quivered)
Armour
 m - a +0 pair of boots (worn)
 o - a +0 helmet (worn)
 q - a +1 leather armour of cold resistance
 y - a +0 cloak (worn)
 C - a +0 pair of gloves of archery (worn)
 H - the cursed +0 robe "Furiv" (worn) {*Drain Str+3 Stlth+}
   (You found it on level 10 of the Dungeon)

   It affects your strength (+3).
   It causes draining when unequipped.
   It makes you more stealthy.
   It has a curse placed upon it.
Jewellery
 s - an uncursed ring of wizardry
 u - a ring of poison resistance (right hand)
Wands
 r - a wand of lightning (3/15)
 z - a wand of acid (2/15)
 A - a wand of confusion (30/48)
 G - a wand of lightning (0/15)
 I - a wand of lightning (8/15)
Scrolls
 b - a scroll of fog
 e - 3 scrolls of fear
 g - 3 scrolls of identify
 j - a scroll of blinking {unknown}
 l - 3 scrolls of teleportation
 p - 2 scrolls of remove curse
 B - 2 scrolls of enchant armour
 D - a scroll of torment {unknown}
 E - a scroll of magic mapping {unknown}
Potions
 a - a potion of haste
 h - a potion of curing
 v - a potion of brilliance
Books
 c - a book of Flames

   Spells                             Type                      Level
   a - Flame Tongue                   Conjuration/Fire             1
   b - Throw Flame                    Conjuration/Fire             2
   c - Conjure Flame                  Conjuration/Fire             3
   d - Inner Flame                    Hexes/Fire                   3
   e - Sticky Flame                   Conjuration/Fire             4
   f - Fireball                       Conjuration/Fire             5
Miscellaneous
 w - a sack of spiders
Comestibles
 f - 9 bread rations
 k - 8 meat rations


   Skills:
 - Level 11.5 Fighting
   Level 5.1 Long Blades
 - Level 5.3 Polearms
 - Level 1.7 Throwing
 + Level 8.7 Dodging
 + Level 6.4 Stealth


You had 10 spell levels left.
You didn't know any spells.

Dungeon Overview and Level Annotations

Branches:
Dungeon (10/15)            Temple (1/1) D:4            Lair (1/6) D:8
    Orc: D:9-12

Altars:
Ashenzari
Cheibriados
Dithmenos
Elyvilon
Fedhas
Gozag
Hepliaklqana
Kikubaaqudgha
Makhleb
Nemelex Xobeh
Okawaru
Qazlal
Ru
Sif Muna
Trog
Uskayaw
Vehumet
Wu Jian
Xom
Yredelemnul
Zin
The Shining One


Innate Abilities, Weirdness & Mutations

You have hoof-like feet.
You are partially covered in icy blue scales. (AC +2)
Your flesh is heat resistant. (rF+)
When hurt, damage is shared between your health and your magic reserves.
You regenerate magic rapidly.
You passively map a small area around you.
You are very robust. (+20% HP)
You evolve.


Message History

The spiny frog closely misses you. The bullfrog barely misses you.
Attack whom?
Aim: a bullfrog (severely wounded)
You puncture the bullfrog!
You kill the bullfrog!
The spiny frog completely misses you.
Attack whom?
Aim: a spiny frog You hit the spiny frog but do no damage.
The spiny frog stings you.
* * * LOW HITPOINT WARNING * * *
You take 3 damage, and have 2/111 hp.
You now have 1/11 mp.
Attack whom?
Aim: a spiny frog You hit the spiny frog.
The spiny frog misses you. x2
It was a potion of might.
You feel very mighty all of a sudden. The spiny frog misses you.
You feel better. The spiny frog stings you!!
You die...

#Y.# , ...# ,** ,
...# # * #..# ** #*
##. ### ,. * ###..P
, .###..#..##.. *
*#.## , ....#...!.#
* *... .
,##.......###
####...#........b.#
* #......@F....# ##
##..........## ,
.##### #.....P..P.#
, .....#
#......#..## *
####.# #.##....$##*
* * #. #...P## * *
.# # ##...# , , *
###...# #...# *
.....# , *


You could see a spiny frog.

Vanquished Creatures
  Maurice (D:10)
  A kobold demonologist (D:9)
  2 trolls
  A hornet (D:10)
  A hippogriff (D:9)
  A wraith (D:10)
  6 yaks
  Eustachio (D:5)
  3 wyverns
  3 hungry ghosts
  A basilisk (D:8)
  4 porcupines (D:8)
  A water moccasin (D:5)
  4 sky beasts
  2 orc warriors
  A hornet zombie (D:8)
  A necrophage (D:10)
  A phantom (D:9)
  3 ice beasts
  A black bear (D:8)
  3 ogres
  4 centaurs
  3 crocodiles (D:8)
  6 bullfrogs
  12 big kobolds
  2 gnoll sergeants
  2 scorpions
  A water moccasin skeleton (D:6)
  5 killer bees (D:10)
  A wight (D:8)
  A howler monkey (D:5)
  2 centaur zombies
  5 crimson imps
  A bullfrog zombie (D:7)
  8 hounds
  2 jellies
  2 orc priests
  A gnoll shaman (D:7)
  6 orc wizards
  A bullfrog skeleton (D:7)
  4 iguanas
  Terence (D:2)
  6 worker ants
  3 worker ant zombies
  11 gnolls
  7 adders
  4 adder skeletons
  2 adder zombies
  2 worms
  2 dart slugs (D:1)
  2 leopard geckos
  22 orcs
  7 giant cockroaches
  5 goblins
  4 hobgoblins
  7 jackals
  4 quokkas
  A ball python (D:1)
  6 bats
  3 frilled lizards
  A jackal skeleton (D:7)
  28 kobolds
  A leopard gecko skeleton (D:5)
  A leopard gecko zombie (D:8)
  A quokka skeleton (D:5)
  11 rats
253 creatures vanquished.

Vanquished Creatures (others)
  An orc wizard (D:3)
  5 bushes (D:8)
  6 fungi (D:8)
  24 plants
36 creatures vanquished.

Grand Total: 289 creatures vanquished

Notes
Turn   | Place    | Note
-------+----------+-------------------------------------------
     0 | D:1      | krabocopter the Demonspawn Gladiator began the quest for the Orb.
     0 | D:1      | Reached XP level 1. HP: 16/16 MP: 1/1
   380 | D:1      | Gained mutation: You have large cloven feet. [demonic ancestry]
   380 | D:1      | Reached XP level 2. HP: 22/22 MP: 2/2
   610 | D:1      | Reached XP level 3. HP: 28/28 MP: 3/3
   817 | D:2      | Noticed Terence
   834 | D:2      | Killed Terence
  1020 | D:2      | Found a faded altar of an unknown god.
  1025 | D:2      | You fall through a shaft!
  1462 | D:3      | Gained mutation: You are partially covered in icy blue scales. (AC +2) [demonic ancestry]
  1462 | D:3      | Reached XP level 4. HP: 21/34 MP: 4/4
  1462 | D:3      | Reached skill level 3 in Fighting
  1475 | D:3      | Reached XP level 5. HP: 13/41 MP: 5/5
  2101 | D:3      | Found a hazy altar of Hepliaklqana.
  2268 | D:3      | Found a sparkling altar of Nemelex Xobeh.
  2311 | D:3      | Found a radiant altar of Vehumet.
  2354 | D:3      | Reached skill level 5 in Long Blades
  2684 | D:4      | Found a glowing silver altar of Zin.
  2726 | D:4      | Found a blossoming altar of Fedhas.
  2748 | D:4      | You fall through a shaft!
  2748 | D:5      | Entered Level 5 of the Dungeon
  2758 | D:5      | Noticed a centaur
  2759 | D:5      | Noticed a water moccasin
  3000 | D:4      | Found a staircase to the Ecumenical Temple.
  3010 | Temple   | Entered the Ecumenical Temple
  3500 | D:4      | Gained mutation: You have hoof-like feet. [demonic ancestry]
  3500 | D:4      | Reached XP level 6. HP: 48/48 MP: 6/6
  3629 | D:4      | Reached skill level 4 in Fighting
  4240 | D:5      | Reached skill level 5 in Fighting
  4528 | D:5      | Gained mutation: When hurt, damage is shared between your health and your magic reserves. [demonic ancestry]
  4528 | D:5      | Reached XP level 7. HP: 29/57 MP: 7/7
  4749 | D:5      | Reached skill level 6 in Fighting
  5029 | D:6      | Noticed Eustachio
  5046 | D:5      | Gained mutation: You have a pair of small horns on your head. [potion of mutation]
  5046 | D:5      | Gained mutation: Armour fits poorly on your strangely shaped body. [potion of mutation]
  5046 | D:5      | Gained mutation: You are somewhat resistant to further mutation. [potion of mutation]
  5047 | D:5      | Lost mutation: Armour fits poorly on your strangely shaped body. [potion of mutation]
  5047 | D:5      | Lost mutation: You are somewhat resistant to further mutation. [potion of mutation]
  5047 | D:5      | Lost mutation: You have a pair of small horns on your head. [potion of mutation]
  5047 | D:5      | Gained mutation: You are robust. (+10% HP) [potion of mutation]
  5047 | D:5      | Gained mutation: You evolve. [potion of mutation]
  5051 | D:5      | Killed Eustachio
  5051 | D:5      | Reached skill level 7 in Fighting
  5391 | D:5      | Reached skill level 8 in Fighting
  5391 | D:5      | Reached XP level 8. HP: 64/74 MP: 5/8
  5654 | D:6      | Reached skill level 9 in Fighting
  6485 | D:7      | Reached skill level 10 in Fighting
  6534 | D:7      | Found a glowing golden altar of the Shining One.
  6939 | D:7      | Gained mutation: You passively map a small area around you. [evolution]
  7010 | D:7      | Found an iron altar of Okawaru.
  7043 | D:7      | Gained mutation: You regenerate magic rapidly. [demonic ancestry]
  7043 | D:7      | Reached XP level 9. HP: 20/86 MP: 2/9
  7339 | D:7      | Found a hide-covered altar of Uskayaw.
  7367 | D:7      | Became a worshipper of Uskayaw the Reveler
  7382 | D:7      | Reached * piety under Uskayaw
  7591 | D:7      | Found a basalt altar of Yredelemnul.
  7645 | D:7      | Reached skill level 11 in Fighting
  7872 | D:7      | Reached ** piety under Uskayaw
  8046 | D:8      | Reached skill level 1 in Polearms
  8065 | D:8      | HP: 3/89 [gnoll (7)]
  8456 | D:8      | Reached *** piety under Uskayaw
  9052 | D:8      | Reached skill level 5 in Dodging
  9054 | D:8      | Reached **** piety under Uskayaw
  9072 | D:8      | Reached ***** piety under Uskayaw
  9409 | D:9      | Gained mutation: Your flesh is heat resistant. (rF+) [demonic ancestry]
  9409 | D:9      | Reached XP level 10. HP: 87/96 MP: 10/10
  9502 | D:8      | Reached skill level 5 in Polearms
  9996 | D:8      | Found a shadowy altar of Dithmenos.
 10034 | D:8      | Found a staircase to the Lair.
 10170 | D:8      | Reached skill level 1 in Stealth
 10187 | D:8      | Gained mutation: You are very robust. (+20% HP) [evolution]
 10698 | D:9      | Noticed a sun demon
 10742 | D:9      | Reached ****** piety under Uskayaw
 11100 | D:9      | Noticed a two-headed ogre
 11622 | D:9      | Noticed a two-headed ogre
 12095 | D:9      | Found a white marble altar of Elyvilon.
 12236 | D:9      | Reached skill level 5 in Stealth
 12322 | D:10     | Entered Level 10 of the Dungeon
 12323 | D:10     | Found a deep blue altar of Sif Muna.
 12381 | D:10     | Got a distressingly furry robe
 12399 | D:10     | Identified the cursed +0 robe "Furiv" {*Drain Str+3 Stlth+} (You found it on level 10 of the Dungeon)
 12709 | D:10     | Reached XP level 11. HP: 103/111 MP: 9/11
 12753 | D:10     | Noticed Maurice
 12770 | D:10     | Killed Maurice
 13020 | D:10     | Noticed a purple ugly thing
 13399 | D:10     | Noticed a two-headed ogre
 13519 | Lair:1   | Entered Level 1 of the Lair of Beasts
 13654 | Lair:1   | HP: 5/111 [spiny frog (11)]
 13657 | Lair:1   | HP: 2/111 [spiny frog (4)]
 13660 | Lair:1   | Slain by a spiny frog

Vault maps used:
D:1:      lightli_arrival_isolated_outpost, serial_bayou_pond_a
D:2:      chequers_ecumenical_altar_simple, uniq_terence
D:3:      marbit_many_paths, lemuel_doored_altar, nemelex_lonely_heart_becter
D:4:      kennysheep_mini_moat, kennysheep_little_box,
          minmay_temple_entry_crystal_x, first_bread, roderic_curled_sauvastika
D:5:      kennysheep_kobold_camp
D:6:      uniq_eustachio
D:7:      eat_drink_and_be_merry_uskayaw, yredelemnul_altar_generic,
          kennysheep_mini, okawaru_trees_1, grunt_ogre_cave, minmay_checkerbox
D:8:      minmay_lair_entry_grove, nicolae_dithmenos_the_darkroom
D:9:      elyvilon_altar_1, special_room
D:10:     basic_altar, uniq_maurice
Temple:   oiseaux_autumnal_temple
Lair:1:   basic_altar, lemuel_fruit_fields, grunt_megastairs_4

Skill      XL: |  1  2  3  4  5  6  7  8  9 10 11 |
---------------+----------------------------------+-----
Long Blades    | 3 4 5 |  5.1
Fighting       | 3 5 8 10 11 | 11.5
Dodging        | 3 5 8 |  8.7
Polearms       | 4 5 |  5.3
Stealth        | 5 6 |  6.4
Throwing       | |  1.7

Action                   |  1- 3 |  4- 6 |  7- 9 | 10-12 || total
-------------------------+-------+-------+-------+-------++-------
Melee: Long sword        |    87 |   120 |       |       ||   207
       Kick              |     9 |       |       |       ||     9
       Halberd           |       |   148 |   550 |       ||   698
       Trident           |       |       |    10 |   631 ||   641
Evoke: Wand              |       |       |     3 |     2 ||     5
  Use: Scroll            |     3 |     3 |     2 |     3 ||    11
       Potion            |     2 |     2 |    11 |     4 ||    19
 Stab: Sleeping          |       |     1 |     3 |     8 ||    12
       Distracted        |       |     1 |       |       ||     1
       Paralysed         |       |       |     3 |    14 ||    17
  Eat: Chunk             |     2 |    10 |    17 |    11 ||    40
       Fruit             |       |       |     5 |       ||     5
       Royal jelly       |       |       |     3 |     1 ||     4
       Bread ration      |       |       |     1 |       ||     1
       Meat ration       |       |       |       |     1 ||     1
Armor: Leather armour    |    21 |   137 |   364 |   151 ||   673
       Robe              |       |       |       |    68 ||    68
Dodge: Dodged            |    75 |   210 |   512 |   587 ||  1384
       Rpst.: Long sword |    30 |    38 |       |       ||    68
